 Dungeon Crawl Stone Soup version bcrawl-1.41.1 (webtiles) character file.

Game seed: 15583285300153803435

371403 TheWayOfAllFlesh the Dealer of Despair (level 11, -8/89 HPs)
             Began as a Demonspawn Necromancer on Apr 18, 2024.
             Was an Elder of Kikubaaqudgha.
             Mangled by a soldier ant (14 damage)
             ... in a Gauntlet on Apr 19, 2024.
             The game lasted 00:42:09 (11821 turns).

TheWayOfAllFlesh the Dealer of Despair (DsNe)      Turns: 11821, Time: 00:42:10

Health: -8/89      AC: 10    Str: 16    XL:     11   Next: 84%
Magic:  7/25       EV: 12    Int: 27    God:    Kikubaaqudgha [****..]
Gold:   695        SH:  0    Dex: 14    Spells: 4/29 levels left

rFire    + + .     GDR:     26% a - +1 dagger (pain)
rCold    . . .     SeeInvis .   (no shield)
rNeg     . . .     Gourm    .   p - +2 robe of the Nexus {MR+ Regen+ Int+5}
rPois    .         Faith    +   (helmet restricted)
rElec    .         Spirit   .   P - scarf {repulsion}
rCorr    .         Reflect  .   (no gloves)
MR       +....     NoTele   +   (no boots)
Stlth    +++.......             o - amulet of faith
HPRegen  0.64/turn              B - +6 ring of protection
MPRegen  0.19/turn              n - ring of protection from fire

@: mighty, brilliant, lethally poisoned (-8 -> -202), repel missiles
A: antennae 1, claws 1, talons 1, fire resistance 1, ignite blood, nightstalker
1, powered by pain 1, flame cloud immunity
a: Receive Corpses, Renounce Religion


You were in a Gauntlet.
You worshipped Kikubaaqudgha.
Kikubaaqudgha was greatly pleased with you.
You were hungry.

You visited 2 branches of the dungeon, and saw 12 of its levels.
You also visited: Ossuary and Gauntlet.

You collected 776 gold pieces.
You spent 81 gold pieces at shops.

Inventory:

Hand Weapons
 a - a +1 dagger of pain (weapon)
 z - a +3 trident
 D - a +1 dagger of venom
 H - the +6 rapier of the Twisting Augurer {pierce, Dex+4 Stlth+}
   (You found it on level 9 of the Dungeon)

   It will always inflict at least some extra damage.
   This minimum extra damage increases with your current reserve of magical
   power.
   It affects your dexterity (+4).
   It makes you more stealthy.
Missiles
 x - a throwing net {=f}
Armour
 p - the +2 robe of the Nexus (worn) {MR+ Regen+ Int+5}
   (You found it on level 10 of the Dungeon)

   It affects your intelligence (+5).
   It affects your resistance to hostile enchantments.
   It increases your rate of regeneration.
 J - a +0 cloak
 O - +0 acid dragon scales
 P - a scarf of repulsion (worn)
Jewellery
 c - a +6 ring of intelligence
 h - an uncursed ring of insulation
 n - a ring of protection from fire (right claw)
 o - an amulet of faith (around neck)
 t - a cursed ring of protection from fire
 A - an uncursed ring of see invisible
 B - a +6 ring of protection (left claw)
 N - an uncursed ring of positive energy
Wands
 F - a wand of digging (17)
 I - a wand of iceblast (1)
 K - a wand of paralysis (11)
 M - a wand of scattershot (3)
 R - a wand of acid (9)
Scrolls
 b - 3 scrolls of enchant weapon
 d - 3 scrolls of enchant armour
 g - a scroll of teleportation
 i - a scroll of summoning
 q - a scroll of immolation
 y - 7 scrolls of revelation
 G - a scroll of blinking
 L - 3 scrolls of remove curse
 Q - a scroll of vulnerability
Potions
 f - 4 potions of resistance
 j - 2 potions of heal wounds
 l - 7 potions of flight
 m - 2 potions of curing
 r - 2 potions of mutation
 s - a potion of might
 u - 5 potions of brilliance
 v - a potion of haste {unknown}
 w - a potion of berserk rage {unknown}
 E - 2 potions of lignification {unknown}
Comestibles
 e - 14 rations {!d}


   Skills:
 + Level 9.5 Fighting
 - Level 6.0 Short Blades
 - Level 1.7 Dodging
 - Level 2.0 Stealth
 + Level 9.7 Spellcasting
 + Level 4.4 Charms
 + Level 12.0 Necromancy


You had 4 spell levels left.
You knew the following spells:

 Your Spells              Type           Power        Failure   Level  Hunger
a - Necrotize             Necr           ######       1%          1    None
b - Vampiric Draining     Necr           #######...   1%          3    None
c - Corpse Rot            Necr           N/A          1%          2    None
d - Agony                 Necr           #######.     1%          4    #......
e - Animate Dead          Necr           N/A          1%          4    #......
f - Dispel Undead         Necr           #######.     1%          5    ####...
g - Death Channel         Chrm/Necr      ######....   3%          6    #####..

Your spell library contained the following spells:

 Spells                   Type           Power        Failure   Level  Hunger


Dungeon Overview and Level Annotations

Branches:
Dungeon (11/12)            Temple (1/1) D:4            Lair (0/6) D:7
    Orc (0/1) D:9
 Vaults: D:11-12

Altars:
Ashenzari
Cheibriados
Dithmenos
Fedhas
Gozag
Hepliaklqana
Kikubaaqudgha
Lugonu
Makhleb
Nemelex Xobeh
Okawaru
Qazlal
Ru
Sif Muna
Trog
Uskayaw
Vehumet
Wu Jian
Xom
Yredelemnul

Shops:
D:4 *

Portals:
Abyss: D:9

Annotations:
D:3 Sigmund
D:6 1 runed translucent door, exclusion: upstairs, yrara's ghost, novice DsFi
D:10 3 runed translucent doors, exclusions: door and 2 slime creatures, Mrcake's ghost, journeyman MiBe Gauntlet 15 transporters, exclusions: 2 lightning spires and obsidian statue


Innate Abilities, Weirdness & Mutations

You have a pair of small antennae on your head.
You have sharp fingernails.
You have sharp toenails.
Your flesh is heat resistant. (rF+)
Your demonic aura causes spilled blood to erupt in flames.
You are slightly more attuned to the shadows.
You sometimes gain a little power by taking damage.
You are immune to clouds of flame.


Message History

The soldier ant writhes in agony!
The soldier ant is severely wounded.
You are feeling hungry.
You feel extremely sick. The soldier ant stings you!
* * * LOW HITPOINT WARNING * * *
The queen ant is engulfed in blazing flames.
The queen ant stings you.
* * * LOW HITPOINT WARNING * * *
The soldier ant stings you but does no damage.
Your soldier ant zombie hits the soldier ant.
Your deep elf mage skeleton barely misses the soldier ant.
You swap places.
The miasma strengthens you!
* * * LOW HITPOINT WARNING * * *
You feel extremely sick.
The soldier ant stings your soldier ant zombie but does no damage.
The soldier ant stings you!
You die...
Kikubaaqudgha rasps: "You have failed me!
Welcome... death!"

..........©#.........#©..........
## ############# ### ..
......©...... ... ##
####################### ### ..
..#.#..?.©)...#.#..... ... c##
##.#.#.........#.#.#.##.##. ..##
##..#.#..#aaZ#P.#.#....#..#.
=..#.#...#.#...PZZ...#.#.##.##.#!
s..#©....#.#...a@Z...#.#..#.©#..©
[..#.#...#.#....Z....#.#..##.##.?
..##.##..#.#..#...#..#.#......#..
.##...##.#.#.........#.#5#.##.##.
.........#.#.........#.#45.......
##########.###########.##########
................©................
................∩................
################∩################


You could see a queen ant, 2 soldier ants, 3 friendly soldier ant zombies and 2
friendly deep elf mage skeletons.

Vanquished Creatures
  Erica (D:8)
  4 two-headed ogres
  An unseen horror (D:10)
  A wolf spider zombie (D:9)
  A wolf spider (D:11)
  Joseph (D:7)
  An efreet (D:9)
  2 trolls
  Prince Ribbit (D:7)
  2 slime creatures
  2 hippogriffs
  A vampire (D:10)
  6 yaks (D:9)
  A spriggan (D:8)
  A wyvern (D:9)
  A hungry ghost (D:9)
  A vampire mosquito (D:9)
  An acid dragon (D:9)
  2 wargs (D:9)
  4 orc warriors
  A hornet zombie (D:10)
  3 sky beasts
  A black bear (D:5)
  2 necrophages
  3 soldier ants (Gauntlet)
  3 phantoms
  3 ogres
  3 elf zombies (Ossuary)
  7 bullfrogs
  A gnoll sergeant (D:9)
  A wyvern zombie (D:9)
  5 centaurs
  A wyvern skeleton (D:10)
  4 killer bees (D:9)
  5 wights (D:10)
  5 howler monkeys
  7 orc priests
  A crimson imp (D:8)
  5 hounds
  2 human zombies (Ossuary)
  3 jellies
  2 bullfrog skeletons
  2 iguanas
  3 orc wizards
  6 worker ants
  3 mummies (Ossuary)
  A hound skeleton (D:9)
  16 adders
  4 gnolls
  A howler monkey zombie (D:9)
  7 centaur zombies (Ossuary)
  3 shadow imps
  3 oozes
  2 worms
  A dart slug (D:1)
  3 leopard geckos
  20 orcs
  4 giant cockroaches
  3 goblins
  9 hobgoblins
  7 jackals (D:4)
  6 kobolds
  5 quokkas
  2 ball pythons
  5 bats
  8 frilled lizards
  A jackal skeleton (D:4)
  7 rats
  A butterfly (D:5)
236 creatures vanquished.

Vanquished Creatures (collateral kills)
  A komodo dragon (D:7)
  A troll (D:9)
  A hungry ghost (D:7)
  A scorpion (D:8)
  A jelly (D:7)
  2 worker ants
  A mummy (D:8)
  An adder (D:8)
  2 gnolls
  2 orcs
  3 giant cockroaches (D:5)
  5 jackals
21 creatures vanquished.

Vanquished Creatures (others)
  A scorpion (D:9)
  An orc wizard (D:5)
  A worker ant (D:11)
  3 orcs
  A lurking horror (D:9)
  51 plants
58 creatures vanquished.

Grand Total: 315 creatures vanquished

Notes
Turn   | Place    | Note
-------+----------+-------------------------------------------
     0 | D:1      | TheWayOfAllFlesh the Demonspawn Necromancer began the quest
                  | for the Orb.
     0 | D:1      | Reached XP level 1. HP: 13/13 MP: 4/4
   233 | D:1      | Reached skill level 1 in Short Blades
   233 | D:1      | Gained mutation: You have a pair of small antennae on your
                  | head. [demonic ancestry]
   233 | D:1      | Reached XP level 2. HP: 19/19 MP: 6/6
   735 | D:1      | Gained mutation: You sometimes gain a little power by
                  | taking damage. [demonic ancestry]
   735 | D:1      | Reached XP level 3. HP: 24/24 MP: 7/7
  1210 | D:2      | Reached XP level 4. HP: 28/30 MP: 5/8
  1547 | D:2      | Learned a level 3 spell: Vampiric Draining
  1732 | D:2      | Found an iron altar of Okawaru.
  1943 | D:3      | Reached skill level 5 in Necromancy
  1985 | D:3      | Gained mutation: You have sharp fingernails. [demonic
                  | ancestry]
  1985 | D:3      | Reached XP level 5. HP: 21/35 MP: 8/10
  2287 | D:3      | Noticed Sigmund
  2917 | D:4      | Gained mutation: You have sharp toenails. [demonic
                  | ancestry]
  2917 | D:4      | Reached XP level 6. HP: 39/41 MP: 7/12
  3039 | D:4      | Found a staircase to the Ecumenical Temple.
  3052 | D:4      | Found Jovvuox's Assorted Antiques.
  3059 | Temple   | Entered the Ecumenical Temple
  3404 | Temple   | Became a worshipper of Kikubaaqudgha
  3461 | D:4      | Bought a bubbling coppery potion for 20 gold pieces
  3461 | D:4      | Bought a viscous white potion for 20 gold pieces
  3461 | D:4      | Bought 2 fizzy orange potions for 41 gold pieces
  3823 | D:5      | Entered Level 5 of the Dungeon
  3864 | D:5      | Found a runed door.
  3900 | D:5      | Found a runed door.
  4037 | D:5      | Reached skill level 6 in Necromancy
  4156 | D:5      | Noticed a two-headed ogre
  4195 | D:5      | Gained mutation: Your flesh is heat resistant. (rF+)
                  | [demonic ancestry]
  4195 | D:5      | Reached XP level 7. HP: 34/46 MP: 9/14
  4635 | D:6      | Reached skill level 1 in Fighting
  4909 | D:6      | Found a runed translucent door.
  4910 | D:6      | Noticed yrara's ghost (novice DsFi)
  4949 | D:6      | Noticed a troll
  5201 | D:6      | Reached skill level 7 in Necromancy
  5203 | D:6      | Reached * piety under Kikubaaqudgha
  5203 | D:6      | Identified Kikubaaqudgha's Tome of Black Secrets
                  | (Kikubaaqudgha gifted it to you on level 6 of the Dungeon)
  5203 | D:6      | Received a gift from Kikubaaqudgha
  5376 | D:6      | Reached skill level 5 in Spellcasting
  5655 | D:7      | Gained mutation: You are slightly more attuned to the
                  | shadows. [demonic ancestry]
  5655 | D:7      | Reached XP level 8. HP: 56/56 MP: 16/16
  5663 | D:7      | Noticed a troll
  5669 | D:7      | Noticed a hippogriff
  5672 | D:7      | Killed a troll
  5688 | D:7      | Killed a hippogriff
  5689 | D:7      | Reached skill level 5 in Short Blades
  5760 | D:7      | Noticed Prince Ribbit
  5762 | D:7      | Noticed Joseph
  5784 | D:7      | Killed Prince Ribbit
  5785 | D:7      | Reached skill level 8 in Necromancy
  5801 | D:7      | Noticed a komodo dragon
  5906 | D:7      | Learned a level 2 spell: Corpse Rot
  5911 | D:7      | Learned a level 4 spell: Agony
  5916 | D:7      | Learned a level 4 spell: Animate Dead
  5988 | D:7      | Found a white marble altar of Elyvilon.
  6095 | D:7      | Killed Joseph
  6096 | D:7      | Reached skill level 5 in Fighting
  6096 | D:7      | Reached XP level 9. HP: 62/68 MP: 15/19
  6112 | D:7      | Killed a komodo dragon
  6153 | D:7      | Found a staircase to the Lair.
  6235 | D:7      | Reached skill level 9 in Necromancy
  6521 | D:8      | Learned a level 5 spell: Dispel Undead
  6815 | D:8      | Found a sand-covered staircase.
  6875 | Ossuary  | Entered an ossuary
  7108 | Ossuary  | Reached ** piety under Kikubaaqudgha
  7645 | D:8      | Noticed a two-headed ogre
  7648 | D:8      | Noticed Erica
  7777 | D:8      | Gained mutation: You are immune to clouds of flame.
                  | [demonic ancestry]
  7777 | D:8      | Reached XP level 10. HP: 53/77 MP: 22/22
  8001 | D:8      | Killed Erica
  8002 | D:8      | Reached skill level 10 in Necromancy
  8198 | D:8      | Killed a two-headed ogre
  8353 | D:9      | Found a one-way gate to the infinite horrors of the Abyss.
  8358 | D:9      | Found a corrupted altar of Lugonu.
  8507 | D:9      | Got an ichor-stained rapier
  8521 | D:9      | Noticed a two-headed ogre
  8769 | D:9      | Found a staircase to the Orcish Mines.
  9075 | D:9      | Identified the +6 rapier of the Twisting Augurer {pierce,
                  | Dex+4 Stlth+} (You found it on level 9 of the Dungeon)
  9078 | D:9      | Reached *** piety under Kikubaaqudgha
  9078 | D:9      | Identified Kikubaaqudgha's Guide on Dark Arts
                  | (Kikubaaqudgha gifted it to you on level 9 of the Dungeon)
  9078 | D:9      | Received a gift from Kikubaaqudgha
  9087 | D:9      | Learned a level 6 spell: Death Channel
  9168 | D:9      | Noticed a two-headed ogre
  9392 | D:9      | Reached skill level 1 in Charms
  9409 | D:9      | Reached skill level 11 in Necromancy
  9593 | D:9      | Gained mutation: Your demonic aura causes spilled blood to
                  | erupt in flames. [demonic ancestry]
  9593 | D:9      | Reached XP level 11. HP: 68/86 MP: 11/24
  9700 | D:9      | Noticed a two-headed ogre
  9702 | D:9      | Killed a two-headed ogre
  9793 | D:9      | Killed a two-headed ogre
 10181 | D:9      | Killed a two-headed ogre
 10287 | D:9      | Found a glowing golden altar of the Shining One.
 10289 | D:9      | Found a sparkling altar of Nemelex Xobeh.
 10446 | D:10     | Entered Level 10 of the Dungeon
 10493 | D:10     | Reached **** piety under Kikubaaqudgha
 10591 | D:10     | Killed an unseen horror
 10687 | D:10     | Found a runed translucent gate.
 10687 | D:10     | Found a runed translucent gate.
 10688 | D:10     | Found a runed translucent gate.
 10691 | D:10     | Noticed Mrcake's ghost (journeyman MiBe)
 10798 | D:10     | Found an iron altar of Okawaru.
 10803 | D:10     | Got an ancient robe
 10819 | D:10     | Identified the +2 robe of the Nexus {MR+ Regen+ Int+5} (You
                  | found it on level 10 of the Dungeon)
 11380 | D:11     | Found a gate leading to a gauntlet.
 11380 | D:11     | Noticed a wolf spider
 11387 | D:11     | Killed a wolf spider
 11404 | Gauntlet | Entered a Gauntlet
 11404 | Gauntlet | Found a transporter.
 11414 | Gauntlet | Noticed a queen ant
 11416 | Gauntlet | Found a transporter.
 11424 | Gauntlet | Found a transporter.
 11439 | Gauntlet | Found a transporter.
 11441 | Gauntlet | Noticed a green ugly thing
 11445 | Gauntlet | Found a transporter.
 11459 | Gauntlet | Noticed a wretched star
 11460 | Gauntlet | Found a transporter.
 11479 | Gauntlet | Found a transporter.
 11480 | Gauntlet | Noticed a glowing orange brain
 11483 | Gauntlet | Noticed a glowing orange brain
 11491 | Gauntlet | Found a transporter.
 11491 | Gauntlet | Noticed a fire crab
 11503 | Gauntlet | Found a transporter.
 11515 | Gauntlet | Found a transporter.
 11527 | Gauntlet | Found a transporter.
 11527 | Gauntlet | Noticed an obsidian statue
 11544 | Gauntlet | Found a transporter.
 11561 | Gauntlet | Found a transporter.
 11563 | Gauntlet | Found a transporter.
 11576 | Gauntlet | Noticed a cyclops
 11576 | Gauntlet | a dream sheep changed into a cyclops
 11607 | Gauntlet | Noticed an orb spider
 11607 | Gauntlet | a black bear changed into an orb spider
 11612 | Gauntlet | a cyclops changed into a faun
 11672 | Gauntlet | Found a transporter.
 11695 | Gauntlet | Found a transporter.
 11815 | Gauntlet | Reached skill level 12 in Necromancy
 11821 | Gauntlet | Mangled by a soldier ant

Skill      XL: |  1  2  3  4  5  6  7  8  9 10 11 |
---------------+----------------------------------+-----
Short Blades   | 1 2 3 4 5 6 |  6.0
Necromancy     | 5 6 7 8 9 11 12 | 12.0
Spellcasting   | 3 4 5 6 7 8 9 |  9.7
Fighting       | 2 5 6 8 9 |  9.5
Charms         | 1 4 |  4.4
Dodging        | |  1.7
Stealth        | |  2.0

Action                   |  1- 3 |  4- 6 |  7- 9 | 10-12 || total
-------------------------+-------+-------+-------+-------++-------
Melee: Dagger            |    51 |   105 |   343 |   354 ||   853
       Kick              |       |     5 |   127 |   114 ||   246
       Trident           |       |       |     6 |       ||     6
 Cast: Necrotize         |    25 |    79 |    38 |    18 ||   160
       Vampiric Draining |       |     1 |    24 |    36 ||    61
       Animate Dead      |       |       |     5 |     2 ||     7
       Corpse Rot        |       |       |     2 |     6 ||     8
       Dispel Undead     |       |       |     5 |    17 ||    22
Invok: Receive Corpses   |       |       |     5 |     4 ||     9
Evoke: Wand              |       |     2 |       |    11 ||    13
  Use: Scroll            |       |     5 |     9 |     9 ||    23
       Potion            |       |       |     3 |       ||     3
 Stab: Sleeping          |     7 |     1 |     8 |     6 ||    22
       Distracted        |       |       |     2 |     1 ||     3
  Eat: Chunk             |     2 |    11 |    17 |    15 ||    45
       Ration            |       |       |     2 |     3 ||     5
Armor: Robe              |    11 |    33 |    87 |    71 ||   202
       Acid dragon scale |       |       |       |    52 ||    52
Dodge: Dodged            |    34 |    93 |   174 |   187 ||   488
       Deflected         |       |       |       |     2 ||     2
